 Dungeon Crawl Stone Soup version 0.30-a0-737-gf23d94013f (webtiles) character file.

Game seed: 8229644913527749657

139 Zenkrye the Shooter (level 5, -2/29 HPs)
             Began as a Kobold Hexslinger on Feb 2, 2023.
             Was a Believer of Dithmenos.
             Killed from afar by an orc wizard (10 damage)
             ... with a puff of flame
             ... on level 3 of the Dungeon.
             The game lasted 00:06:19 (1725 turns).

Zenkrye the Shooter (Kobold Hexslinger)             Turns: 1725, Time: 00:06:19

Health: -2/29      AC:  6    Str:  7    XL:     5   Next: 46%
Magic:  2/8        EV: 15    Int: 17    God:    Dithmenos [**....]
Gold:   92         SH:  0    Dex: 15    Spells: 5/9 levels left

rFire   . . .      SeeInvis +    a - +1 sling
rCold   . . .      Faith    .    (no shield)
rNeg    . . .      Spirit   .    c - +0 robe
rPois   .          Reflect  .    (no helmet)
rElec   .          Harm     .    (no cloak)
rCorr   .          Rampage  .    (no gloves)
Will    .....                    (no boots)
Stlth   +++                      (no amulet)
HPRegen 0.24/turn                p - +4 ring of protection
MPRegen 0.11/turn                d - ring of see invisible

@: wreathed by umbra
A: small, no large weapons, nightstalker 3
a: Renounce Religion, Shadow Step


You were on level 3 of the Dungeon.
You worshipped Dithmenos.
Dithmenos was pleased with you.
You visited 1 branch of the dungeon, and saw 3 of its levels.

You collected 92 gold pieces.

Inventory:

Hand Weapons
 a - a +1 sling (weapon)
 g - a +0 dagger
Armour
 c - a +0 robe (worn)
 j - a +0 pair of gloves
Jewellery
 d - a ring of see invisible (right hand)
 p - a +4 ring of protection (left hand)
Scrolls
 b - a scroll of poison
 k - a scroll of blinking {@r4}
Potions
 f - a potion of ambrosia {unknown}
 i - a potion of resistance {unknown}


   Skills:
 - Level 1.1 Fighting
 + Level 4.7 Ranged Weapons
 - Level 2.4 Dodging
 + Level 2.5 Spellcasting
 + Level 4.2 Hexes


You had 5 spell levels left.
You knew the following spells:

 Your Spells              Type           Power      Damage    Failure   Level
a - Slow                  Hex            64%        N/A       3%          1
p - Portal Projectile     Hex/Tloc       18%        N/A       24%         3

Your spell library contained the following spells:

 Spells                   Type           Power      Damage    Failure   Level
 Inner Flame              Hex/Fire       9%         N/A       24%         3
 Cause Fear               Hex            8%         N/A       32%         4
 Discord                  Hex            8%         N/A       100%        8


Dungeon Overview and Level Annotations

Branches:
Dungeon (3/15)

Altars:
Cheibriados
Dithmenos


Innate Abilities, Weirdness & Mutations

You are small and have problems with some larger weapons.
You are completely attuned to the shadows.


Message History

The orc wizard casts a spell at you. The puff of flame hits you.
You shoot a sling bullet. The sling bullet hits the orc wizard!
The orc wizard is heavily wounded.
The orc wizard closely misses you.
You shoot a sling bullet. The sling bullet hits the orc wizard.
The orc wizard is severely wounded.
The orc wizard points at you and mumbles some strange words.
The puff of flame hits you!
* * * LOW HITPOINT WARNING * * *
It was a potion of curing.
You feel better.
The orc wizard hits you but does no damage.
Fire: a) +1 sling
Press: ? - help, Q - select action, (/) - cycle Shift-Dir - straight line, f/p - orc wizard
Aim: an orc wizard, wielding a +0 dagger and wearing a +0 robe (severely wounded, slightly transparent, umbra, 51% to hit)
You shoot a sling bullet. The sling bullet hits the orc wizard.
The orc wizard is almost dead.
The orc wizard points at you and mumbles some strange words.
You are confused.
You feel better. The orc wizard casts a spell at you. The magic dart hits you.
Fire: a) +1 sling
Press: ? - help, Q - select action, (/) - cycle Shift-Dir - straight line, f/p - orc wizard
Aim: an orc wizard, wielding a +0 dagger and wearing a +0 robe (almost dead, slightly transparent, umbra, 51% to hit)
You shoot a sling bullet.
The sling bullet barely misses the orc wizard.
The orc wizard points at you and mumbles some strange words.
The magic dart hits you.
* * * LOW HITPOINT WARNING * * *
The orc wizard misses you.
Fire: a) +1 sling
Press: ? - help, Q - select action, (/) - cycle Shift-Dir - straight line, f/p - orc wizard
Aim: an orc wizard, wielding a +0 dagger and wearing a +0 robe (almost dead, slightly transparent, umbra, 51% to hit)
You shoot a sling bullet.
The sling bullet hits the orc wizard but does no damage.
The orc wizard is almost dead.
The orc wizard casts a spell at you. The puff of flame hits you!
You die...

. .# #.## ##...#
# ##@# #.##
#.##o## #.#### .
....o#
#....####..
..##.##
##.##....... .
##.###.#####.....
##...#####.###..
##........# ..
########.##..
#####..<..


You could see an orc wizard (invisible) and an orc.

Vanquished Creatures
  An orc priest (D:3)
  An iron imp (D:3)
  An orc wizard (D:3)
  An adder (D:2)
  2 worms
  A dart slug (D:3)
  6 orcs (D:3)
  A bat (D:2)
  3 endoplasms
  3 giant cockroaches
  2 goblins
  A hobgoblin (D:2)
  3 kobolds
  A quokka (D:2)
  2 ball pythons (D:1)
  10 frilled lizards (D:2)
  2 rats
41 creatures vanquished.

Vanquished Creatures (others)
  3 plants (D:2)
3 creatures vanquished.

Grand Total: 44 creatures vanquished

Notes
Turn   | Place    | Note
-------+----------+-------------------------------------------
     0 | D:1      | Zenkrye the Kobold Hexslinger began the quest for the Orb.
     0 | D:1      | Reached XP level 1. HP: 12/12 MP: 2/2
   559 | D:1      | Found a faded altar of an unknown god.
   564 | D:1      | Prayed at the altar of an unknown god.
   564 | D:1      | Became a worshipper of Dithmenos the Shadowed
   564 | D:1      | Reached * piety under Dithmenos
   645 | D:1      | Reached XP level 2. HP: 16/16 MP: 3/3
   933 | D:2      | Reached XP level 3. HP: 20/20 MP: 4/4
  1357 | D:2      | Reached ** piety under Dithmenos
  1517 | D:3      | Reached XP level 4. HP: 24/25 MP: 4/6
  1523 | D:3      | Learned a level 3 spell: Portal Projectile
  1582 | D:3      | Found a snail-covered altar of Cheibriados.
  1709 | D:3      | Reached XP level 5. HP: 22/29 MP: 2/8
  1725 | D:3      | Killed from afar by an orc wizard

Illustrated notes

Levels and vault maps discovered:
D:1:      minmay_arrival_shattered_statue, layout_basic, basic_ecumenical_altar
D:2:      layout_basic, corexii_shack, minmay_lizard_pond
D:3:      layout_loops_ring, slow_altar_2

Skill      XL: |  1  2  3  4 |
---------------+-------------+-----
Ranged Weapons | 3 4 |  4.7
Spellcasting   | 2 |  2.5
Hexes          | 4 |  4.2
Fighting       | |  1.1
Dodging        | |  2.4

Action                     |  1- 3 |  4- 6 || total
---------------------------+-------+-------++-------
   Fire: Sling             |   100 |    56 ||   156
   Cast: Slow              |     5 |     1 ||     6
         Portal Projectile |       |     1 ||     1
    Use: Scroll            |     4 |       ||     4
         Potion            |     1 |     3 ||     4
 Armour: Robe              |    10 |     5 ||    15
  Dodge: Dodged            |    54 |    23 ||    77

Table legend: (Time is in decaauts)
 A = Elapsed time spent in this place.
 B = Non-inter-level travel time spent in this place.
 C = Inter-level travel time spent in this place.
 D = Time resting spent in this place.
 E = Time spent auto-exploring this place.
 F = Levels seen in this place.
 G = Mean time per level.
                   A        B        C        D        E       F      G
               +--------+--------+--------+--------+--------+-----+--------+
         Total |   1756 |   1715 |     41 |     33 |   1397 |   3 |  585.3 |
       Dungeon |   1756 |   1715 |     41 |     33 |   1397 |   3 |  585.3 |
               +--------+--------+--------+--------+--------+-----+--------+

Top non-repeatable levels by time:
     D:1: 762 daAuts
     D:2: 723 daAuts
     D:3: 269 daAuts
